Map: Frozen Temple

Players

Elazer - Winner!

  • Race: Zerg Zerg
  • League: Master

PtitDrogo

  • Race: Protoss Protoss

VOD

Have the link to the VOD?

Description

Time

  • Played on: Nov. 23, 2016, 2:09 p.m.
  • Length: 9:56
Show
View Real Time Build Order
Export as new Build Order

Elazer Zerg - Winner!

Build Orders: Hatch First 

Get SALT Encoding   

  12  0:00  Drone  
  13  0:12  Overlord  
  13  0:17  Drone  
  14  0:30  Drone  
  14  0:31  Drone  
  14  0:35  Drone  
  17  0:51  Hatchery  
  17  0:54  Drone  
  17  0:57  Drone  
  18  1:08  Extractor  
  17  1:12  Spawning Pool  
  17  1:14  Drone  
  17  1:18  Drone  
  18  1:28  Drone  
  19  1:39  Overlord  
  19  1:49  Drone  
  20  1:59  Queen  
  20  2:00  Drone  
  23  2:03  Zergling x2, Queen  
  23  2:08  Metabolic Boost  
  26  2:10  Drone  
  26  2:13  Drone  
  28  2:21  Drone  
  29  2:30  Drone  
  29  2:32  Drone  
  31  2:37  Hatchery  
  31  2:42  Zergling x2  
  31  2:44  Pneumatized Carapace  
  31  2:50  Overlord  
  31  2:53  Drone  
  31  2:55  Drone  
  34  2:58  Drone  
  34  3:08  Drone  
  34  3:09  Drone x3  
  34  3:11  Drone x2  
  40  3:17  Drone x2  
  42  3:21  Queen  
  42  3:26  Overlord  
  44  3:41  Lair  
  44  3:44  Roach Warren, Drone, Extractor  
  44  3:45  Zergling x4  
  44  3:47  Drone  
  46  3:49  Evolution Chamber  
  46  3:52  Drone x2  
  46  3:53  Drone  
  48  3:58  Queen  
  50  4:04  Drone x3  
  50  4:06  Overlord  
  53  4:21  Overlord  
  53  4:23  Drone x3  
  55  4:24  Overlord  
  55  4:29  Roach x4  
  63  4:35  Roach  
  63  4:37  Overlord  
  65  4:39  Overseer  
  65  4:44  Roach x3  
  71  4:46  Drone x3  
  71  4:52  Drone x2  
  74  4:56  Queen  
  74  4:59  Drone x3  
  78  5:00  Drone  
  78  5:01  Drone  
  78  5:06  Overlord  
  80  5:08  Drone x2  
  80  5:10  Drone  
  83  5:14  Zerg Melee Weapons Level 1  
  83  5:17  Overlord  
  83  5:18  Extractor  
  83  5:19  Baneling Nest, Drone x2  
  83  5:22  Drone x2  
  83  5:25  Drone x3  
  83  5:28  Overlord  
  88  5:31  Drone x2, Extractor  
  89  5:39  Drone x2  
  89  5:40  Drone  
  92  5:51  Roach x5  
  102  5:58  Queen  
  102  6:00  Hatchery  
  99  6:04  Hatchery  
  99  6:05  Drone x2  
  99  6:06  Drone  
  97  6:34  Drone x7  
  97  6:37  Centrifical Hooks, Overlord  
  97  6:39  Overlord  
  104  6:47  Zergling x2  
  104  6:48  Zergling x10  
  104  6:51  Extractor  
  104  6:52  Infestation Pit  
  108  6:55  Roach  
  108  6:56  Glial Reconstitution, Roach  
  108  7:00  Zergling x6  
  115  7:03  Ravager x6  
  115  7:07  Zergling x12  
  127  7:13  Zergling x8  
  121  7:20  Zergling x8  
  121  7:22  Zergling x2  
  114  7:23  Zergling x2  
  114  7:26  Zergling x2  
  114  7:28  Queen  
  114  7:29  Queen x2  
  103  7:30  Zergling x4  
  103  7:35  Roach  
  103  7:36  Roach x4  
  101  7:40  Roach x3  
  101  7:46  Roach x5  
  111  7:52  Roach x2  
  111  7:55  Zergling x6  
  118  8:00  Zergling x8  
  118  8:01  Zergling x2  
  118  8:02  Ravager x2  
  122  8:10  Zergling x14  
  126  8:18  Zergling x2, Overlord  
  126  8:19  Zergling x6  
  129  8:21  Zergling x2  
  129  8:22  Zergling x4  
  129  8:26  Zergling x2  
  130  8:34  Zergling x8  
  130  8:37  Overlord x2  
  130  8:38  Ravager x3  
  137  8:41  Zergling x8  
  137  8:46  Baneling x3  
  141  8:53  Overseer  
  141  8:55  Zergling x18  
  136  8:58  Overseer  
  123  9:03  Zergling x8  
  123  9:09  Zergling x2  
  120  9:10  Zergling x8  
  120  9:14  Overseer  
  116  9:18  Ravager x2  
  116  9:19  Zergling x10  
  122  9:26  Zergling x2  
  122  9:27  Zergling x6  
  126  9:32  Zergling x6  
  125  9:39  Zergling x8  
Show
View Real Time Build Order
Export as new Build Order

PtitDrogo Protoss 

Build Orders: 1 Gate Expand, Zealot Archon, Dark Templar Rush 

Get SALT Encoding   

  12  0:01  Probe (Chrono Boost)  
  13  0:11  Probe (Chrono Boost)  
  14  0:18  Pylon  
  14  0:22  Probe (Chrono Boost)  
  15  0:37  Probe (Chrono Boost)  
  15  0:38  Gateway  
  16  0:42  Assimilator  
  16  0:47  Probe (Chrono Boost)  
  17  0:58  Probe (Chrono Boost)  
  18  1:08  Probe (Chrono Boost)  
  19  1:19  Nexus  
  19  1:23  Probe (Chrono Boost)  
  20  1:32  Cybernetics Core  
  20  1:35  Probe (Chrono Boost)  
  21  1:40  Assimilator  
  21  1:45  Probe (Chrono Boost)  
  22  1:50  Pylon  
  22  1:56  Probe (Chrono Boost)  
  23  2:05  Adept  
  23  2:09  Warp Gate  
  23  2:10  Probe (Chrono Boost)  
  28  2:23  Mothership Core (Chrono Boost)  
  28  2:32  Probe (Chrono Boost)  
  28  2:36  Twilight Council  
  29  2:41  Probe (Chrono Boost)  
  29  2:43  Probe (Chrono Boost)  
  31  2:51  Probe (Chrono Boost)  
  31  2:53  Probe (Chrono Boost)  
  33  3:02  Robotics Facility  
  33  3:03  Probe (Chrono Boost)  
  34  3:07  Probe (Chrono Boost)  
  34  3:11  Gateway  
  35  3:13  Probe (Chrono Boost), Gateway  
  35  3:18  Probe (Chrono Boost)  
  37  3:23  Dark Shrine  
  37  3:27  Probe (Chrono Boost)  
  37  3:28  Probe (Chrono Boost)  
  37  3:33  Gateway  
  39  3:38  Probe (Chrono Boost)  
  39  3:39  Probe (Chrono Boost)  
  41  3:45  Pylon  
  41  3:47  Warp Prism  
  42  3:49  Probe x2 (Chrono Boost)  
  45  4:00  Probe (Chrono Boost)  
  46  4:03  Assimilator  
  46  4:05  Probe (Chrono Boost)  
  46  4:06  Assimilator  
  47  4:14  Probe (Chrono Boost)  
  49  4:17  Probe (Chrono Boost)  
  48  4:24  Probe (Chrono Boost)  
  48  4:29  Probe (Chrono Boost)  
  50  4:32  Nexus  
  50  4:33  Pylon  
  50  4:36  Probe (Chrono Boost)  
  51  4:44  Dark Templar  
  53  4:47  Blink  
  52  4:52  Dark Templar x2  
  52  4:53  Dark Templar  
  52  4:54  Probe (Chrono Boost)  
  52  4:55  Probe (Chrono Boost)  
  59  5:05  Probe (Chrono Boost)  
  61  5:08  Probe (Chrono Boost)  
  61  5:12  Archon  
  61  5:14  Archon  
  61  5:22  Gateway  
  61  5:24  Gateway  
  61  5:27  Gateway  
  61  5:30  Gateway  
  61  5:41  Pylon  
  61  5:42  Pylon  
  61  5:50  Stalker x4  
  69  6:13  Stalker x2  
  69  6:14  Stalker x2  
  77  6:30  Stalker x3  
  83  6:39  Pylon x2  
  83  6:40  Stalker x4  
  83  6:45  Pylon x2  
  91  6:52  Observer  
  92  6:57  Stalker  
  92  6:58  Stalker x3  
  98  7:16  Stalker x4  
  86  7:30  Stalker x4  
  86  7:36  Warp Prism  
  76  7:42  Probe (Chrono Boost)  
  69  7:45  Stalker x5  
  69  7:46  Stalker x2  
  83  8:16  Stalker  
  83  8:17  Stalker x7  
  97  8:40  Dark Templar x3  
  103  8:41  Zealot x4  
  94  9:02  Stalker x5  
  65  9:24  Stalker x3  
  71  9:33  Zealot x2, Adept  
Tags
 
Add a new tag
Caveats
  • Supply blocks, unpowered buildings, or Contaminate may cause inaccurate times.
  • Supply counts are checked every 10 seconds.